Map: [ESL] Gresvan

Players

ByuN

  • Race: Terran Terran
  • Spawn Location: 5:00

Solar - Winner!

  • Race: Zerg Zerg
  • Spawn Location: 11:00

Event: ESL SC2 Masters 2023 Summer (Finals)

VOD

Have the link to the VOD?

Description

Time

  • Played on: June 16, 2023, 6:19 a.m.
  • Length: 20:30

All games in this series

Show
View Real Time Build Order
Export as new Build Order

ByuN Terran 

Build Orders: Command Center First, Banshee Rush 

Get SALT Encoding   

  12  0:00  SCV  
  13  0:12  SCV  
  14  0:16  Supply Depot  
  14  0:24  SCV  
  15  0:38  SCV  
  16  0:50  SCV  
  17  0:58  Command Center  
  17  1:02  SCV  
  18  1:11  Barracks  
  18  1:15  SCV  
  19  1:20  Refinery  
  19  1:27  SCV  
  19  1:28  Refinery  
  20  1:39  SCV  
  21  1:44  Barracks  
  21  1:51  SCV  
  22  1:59  Barracks Reactor  
  22  2:03  Orbital Command  
  22  2:11  Orbital Command  
  22  2:21  Factory  
  22  2:29  SCV  
  23  2:31  Barracks Tech Lab  
  23  2:34  Marine x2  
  25  2:38  SCV  
  25  2:41  SCV  
  27  2:50  Marine  
  28  2:52  SCV  
  28  2:53  SCV  
  28  2:54  Marine  
  28  2:56  Marine  
  32  3:00  Supply Depot  
  32  3:04  SCV  
  33  3:05  SCV  
  33  3:10  Starport  
  33  3:12  Marine  
  35  3:14  Marine  
  35  3:18  SCV x2, Barracks Tech Lab  
  38  3:29  Supply Depot  
  38  3:30  Marine, SCV x2  
  38  3:32  Marine  
  42  3:36  Stimpack, Marine  
  43  3:42  SCV, Supply Depot  
  43  3:43  SCV  
  43  3:47  Cloaking Field  
  45  3:51  Banshee  
  45  3:52  Marine  
  45  3:53  Marine  
  45  3:55  Marine  
  51  3:57  SCV x2  
  51  4:02  Supply Depot  
  53  4:06  Supply Depot  
  53  4:09  SCV x2  
  55  4:11  Reaper  
  55  4:12  Engineering Bay  
  55  4:13  Marine  
  55  4:15  Marine  
  58  4:21  SCV x2  
  60  4:25  Supply Depot  
  60  4:31  Marine  
  60  4:33  Marine  
  60  4:34  Medivac  
  64  4:38  SCV x2  
  64  4:42  Terran Infantry Weapons Level 1, Marine  
  67  4:50  Marine  
  67  4:51  Marine  
  69  4:55  SCV x2  
  69  4:59  Command Center  
  71  5:02  Supply Depot  
  71  5:04  Medivac  
  74  5:08  Barracks, SCV x2  
  74  5:11  Marine x3  
  78  5:15  Combat Shield  
  78  5:20  SCV  
  78  5:21  SCV  
  80  5:24  Factory Reactor  
  80  5:31  Barracks  
  80  5:33  SCV x2  
  80  5:34  Marine x3  
  85  5:37  Refinery  
  85  5:38  Refinery  
  85  5:45  SCV  
  85  5:49  SCV  
  87  5:51  Marine  
  87  5:52  Marine x2  
  87  5:53  Supply Depot x2  
  90  5:57  SCV  
  90  6:02  Barracks Reactor  
  91  6:05  SCV  
  91  6:08  Barracks, Factory Reactor  
  91  6:09  SCV, Marine  
  94  6:18  SCV  
  92  6:21  SCV, Marine  
  92  6:22  Marine  
  92  6:24  Barracks Reactor  
  94  6:28  Medivac x2  
  94  6:30  SCV  
  99  6:33  SCV  
  99  6:36  Marine, Terran Infantry Armor Level 1  
  99  6:39  Marine x4  
  101  6:42  SCV  
  101  6:45  SCV  
  104  6:47  Widow Mine x2  
  104  6:51  Armory  
  104  6:52  Orbital Command, Engineering Bay  
  104  6:54  Marine, SCV  
  104  6:55  Barracks Reactor  
  104  6:57  SCV  
  107  7:03  Marine x2  
  107  7:04  Marine x3  
  107  7:06  Marine, SCV  
  114  7:08  Supply Depot  
  114  7:09  Widow Mine  
  114  7:11  Marine  
  117  7:21  Marine x3  
  117  7:22  Widow Mine, Marine x2  
  118  7:24  Marine, SCV x3  
  122  7:30  Medivac x2, Supply Depot  
  122  7:31  Widow Mine  
  128  7:40  Marine x2  
  128  7:41  Marine  
  128  7:43  Marine x2  
  133  7:46  Marine x3  
  133  7:48  Supply Depot  
  133  7:49  Factory  
  133  7:50  Terran Infantry Weapons Level 2  
  133  7:52  Widow Mine x2  
  128  8:05  Command Center  
  128  8:06  Marine  
  128  8:07  Marine  
  128  8:08  Marine  
  128  8:09  SCV x2  
  116  8:14  Widow Mine x2, SCV  
  107  8:21  SCV x2  
  107  8:25  Marine x4  
  107  8:26  Marine x2, SCV  
  109  8:29  Marine  
  109  8:31  Terran Infantry Armor Level 2  
  109  8:33  SCV x2  
  112  8:38  SCV  
  109  8:42  Factory Tech Lab  
  109  8:44  Marine x4  
  109  8:45  SCV x2  
  109  8:46  Marine x2  
  109  8:47  Marine  
  118  8:50  SCV  
  118  8:54  Marine x2  
  121  9:02  Marine  
  121  9:08  SCV x2, Marine  
  121  9:09  Marine x4  
  124  9:10  Marine  
  124  9:12  Widow Mine x2  
  124  9:16  Widow Mine  
  126  9:18  Barracks  
  126  9:19  Barracks x2  
  126  9:24  Marine x3  
  126  9:26  Marine x2  
  126  9:28  Drilling Claws  
  126  9:29  Supply Depot x2  
  126  9:30  SCV x2  
  126  9:31  SCV  
  134  9:34  Refinery  
  134  9:37  Marine  
  134  9:38  Marine x3  
  136  9:43  Marauder  
  136  9:45  Marine  
  139  9:46  Widow Mine  
  139  9:47  Widow Mine, Medivac  
  139  9:48  Medivac  
  139  9:49  Marine  
  139  9:50  Marine x2  
  150  9:59  Planetary Fortress  
  150  10:01  Supply Depot  
  150  10:02  SCV x3, Supply Depot  
  150  10:04  Marauder  
  155  10:07  Marine  
  155  10:08  Marine  
  155  10:11  Marine x3  
  155  10:12  Barracks Tech Lab  
  155  10:13  Barracks Tech Lab  
  160  10:14  Barracks Tech Lab  
  160  10:15  Marine  
  160  10:16  Marine  
  160  10:17  Medivac  
  164  10:22  Marine  
  164  10:25  Marine  
  164  10:27  Terran Infantry Weapons Level 3  
  164  10:28  Medivac  
  164  10:34  Supply Depot  
  153  10:43  Marine x6  
  153  10:44  Marine x2  
  153  10:46  Marauder x2  
  153  10:47  Medivac  
  153  10:49  Widow Mine x2  
  173  10:50  Widow Mine  
  173  10:55  Concussive Shells  
  173  10:59  SCV x3  
  173  11:00  SCV  
  177  11:06  Medivac  
  177  11:10  Widow Mine  
  181  11:13  Widow Mine  
  181  11:14  Widow Mine  
  181  11:16  Marauder  
  187  11:18  Marine  
  187  11:19  Marauder  
  187  11:20  Marauder  
  187  11:21  Medivac  
  188  11:27  Marine x2  
  188  11:29  Marine  
  188  11:32  Widow Mine, Marine x2  
  173  11:35  Widow Mine x2  
  173  11:36  Marauder, Medivac  
  173  11:37  Marine x2  
  173  11:39  Marine x2  
  185  11:43  Marine  
  185  11:45  Marine x3  
  185  11:47  Marine  
  185  11:50  Marine  
  185  11:51  Medivac  
  185  11:53  Widow Mine  
  185  11:57  Marauder  
  185  11:58  Marine  
  185  12:00  Supply Depot  
  188  12:03  Marine x3, Marauder  
  188  12:04  Command Center  
  188  12:06  Medivac  
  191  12:09  Marine  
  191  12:10  Marine x3  
  191  12:12  Terran Infantry Armor Level 3  
  189  12:17  Marauder x2  
  189  12:18  Marine x2  
  189  12:21  Marine x2, Medivac  
  191  12:24  Widow Mine x2, Marine  
  191  12:25  Marine  
  191  12:27  Widow Mine  
  170  12:33  Marine x2  
  170  12:36  Medivac  
  171  12:43  Marine x5  
  176  12:44  Marine x2  
  176  12:46  Widow Mine x2  
  176  12:49  Marine x2  
  176  12:50  Marauder  
  186  13:03  Marauder  
  188  13:07  Marauder x2  
  188  13:08  Widow Mine x2  
  188  13:11  Marauder  
  188  13:12  Marine x2  
  183  13:13  Marine  
  183  13:19  Widow Mine  
  181  13:21  Ghost Academy  
  181  13:24  Marauder  
  181  13:27  Marine x4  
  176  13:28  Marine  
  176  13:29  Widow Mine, Marauder x2  
  176  13:30  Marine x3  
  176  13:33  Marauder  
  190  13:44  Marine x2  
  190  13:46  Marauder  
  190  13:50  Marauder x2  
  190  13:54  Marauder  
  170  13:56  Widow Mine  
  170  13:57  Marine x4  
  170  13:59  Marine x2  
  170  14:01  Widow Mine x2  
  173  14:02  Medivac  
  173  14:03  Marine x2, Medivac  
  173  14:07  Marauder  
  164  14:11  Marauder  
  164  14:12  Marauder  
  164  14:14  Marine x2  
  164  14:15  Marine x2, Marauder  
  167  14:17  Marine x2  
  167  14:20  Widow Mine  
  167  14:21  Marine x2  
  167  14:22  Widow Mine  
  173  14:25  Orbital Command  
  173  14:28  Marine  
  174  14:32  Marine, Medivac x2  
  174  14:35  Widow Mine  
  174  14:36  Marine x2  
  183  14:40  Marine  
  183  14:41  Widow Mine, Marine  
  183  14:42  Marine x2  
  183  14:44  Marauder  
  191  14:57  Marine x2  
  191  14:58  Marauder x3  
  191  14:59  Marine x2  
  191  15:02  Marine, Medivac x2  
  191  15:04  Widow Mine  
  191  15:05  Marauder  
  200  15:10  Marine x2  
  184  15:17  Marine  
  184  15:18  Marine x3  
  184  15:19  Marauder  
  171  15:24  Ghost x2  
  171  15:25  Personal Cloaking  
  171  15:26  Ghost  
  165  15:31  Marine  
  165  15:32  Medivac x2  
  168  15:38  Marine x5  
  168  15:39  Marine  
  168  15:40  Marine, Ghost  
  177  15:49  Marine  
  178  15:53  Ghost x2  
  178  15:54  Marine  
  175  16:03  Refinery  
  175  16:04  Refinery  
  173  16:07  Marine x2  
  173  16:08  Marine, Ghost  
  176  16:11  Marine  
  176  16:12  Ghost  
  178  16:21  Ghost x2  
  178  16:23  SCV x2  
  170  16:36  Marine x5  
  170  16:37  Marine x2, Ghost  
  179  16:41  Marauder  
  179  16:42  Command Center  
  179  16:44  Command Center  
  166  16:48  Marine  
  166  16:50  Marine, Ghost  
  166  16:54  Marine x4  
  176  17:01  Widow Mine x2  
  176  17:02  Marine x2, Ghost  
  176  17:05  Ghost  
  176  17:06  Marine x2  
  176  17:07  Widow Mine  
  176  17:08  Ghost  
  186  17:11  Marine  
  185  17:19  Marauder  
  179  17:24  Marine x2  
  142  17:37  Marauder x2  
  142  17:38  Marine  
  142  17:40  Marauder  
  142  17:41  Marauder, Marine  
  142  17:42  Widow Mine, Marine x2  
  142  17:43  Marine  
  142  17:44  Marine  
  138  17:45  Widow Mine x2  
  142  17:51  Marine x2  
  144  17:59  Marauder  
  144  18:00  Marine x2  
  144  18:03  Widow Mine, Marauder x2  
  154  18:06  Widow Mine  
  154  18:07  Widow Mine  
  154  18:08  Orbital Command  
  156  18:16  Marine  
  156  18:17  Marine x3  
  156  18:18  Marine  
  161  18:21  Marine  
  161  18:24  Widow Mine  
  161  18:31  Planetary Fortress  
  161  18:35  Marauder x2  
  161  18:36  Marine  
  161  18:57  Ghost  
  148  19:03  Ghost  
  148  19:04  Marine x2, Ghost  
  148  19:06  SCV  
  148  19:08  SCV x2  
  148  19:09  Ghost  
  149  19:16  Medivac x2  
  149  19:21  Widow Mine, Marine  
  150  19:27  Marauder  
  152  19:38  Marine x2  
  154  19:39  Marine x2  
  154  19:44  Widow Mine x2  
  160  19:51  Widow Mine  
  160  19:57  Ghost x2  
  157  20:00  Marine x2  
  157  20:06  Widow Mine  
Show
View Real Time Build Order
Export as new Build Order

Solar Zerg - Winner!

Build Orders: Hatch First, Lurkers 

Get SALT Encoding   

  12  0:00  Drone  
  13  0:12  Overlord  
  13  0:17  Drone  
  14  0:31  Drone x2  
  16  0:47  Hatchery  
  15  0:51  Drone  
  15  0:55  Drone  
  17  0:57  Drone  
  18  1:10  Extractor  
  17  1:13  Spawning Pool  
  17  1:16  Drone  
  17  1:20  Drone  
  18  1:27  Drone  
  19  1:39  Drone  
  20  1:52  Overlord  
  20  1:59  Queen x2  
  20  2:00  Zergling x4  
  26  2:10  Drone x2  
  28  2:23  Drone x2  
  28  2:29  Hatchery  
  29  2:32  Drone  
  30  2:38  Queen  
  30  2:42  Metabolic Boost  
  32  2:47  Overlord  
  32  2:50  Drone  
  33  2:52  Drone  
  33  2:55  Drone  
  33  2:57  Drone  
  35  3:07  Drone x3  
  35  3:08  Drone x2  
  40  3:14  Queen  
  40  3:17  Overlord  
  43  3:20  Drone  
  43  3:31  Overlord  
  43  3:34  Queen  
  43  3:36  Drone x2  
  43  3:40  Drone x4  
  51  3:43  Queen  
  51  3:48  Drone x3  
  56  3:49  Drone  
  56  3:53  Overlord  
  56  3:54  Drone  
  56  3:55  Drone  
  59  4:02  Drone  
  60  4:04  Drone  
  60  4:05  Drone  
  62  4:12  Queen  
  62  4:13  Drone x3  
  62  4:15  Drone  
  68  4:17  Drone x2  
  68  4:20  Queen  
  68  4:21  Overlord  
  68  4:22  Overlord  
  68  4:23  Drone x2  
  73  4:27  Overlord  
  73  4:30  Overlord  
  73  4:33  Overlord  
  73  4:40  Spore Crawler  
  73  4:41  Zergling x10  
  73  4:42  Baneling Nest  
  73  4:43  Zergling x4  
  73  4:44  Extractor, Zergling x2  
  78  4:47  Zergling x2  
  78  4:48  Zergling x2  
  78  4:50  Queen  
  82  4:54  Zergling x8  
  82  4:55  Zergling x2  
  82  4:56  Zergling x2  
  82  4:57  Zergling x2  
  89  5:00  Zergling x4  
  89  5:02  Drone  
  89  5:06  Lair  
  92  5:12  Extractor  
  92  5:14  Drone x2  
  93  5:15  Extractor, Drone  
  92  5:22  Hatchery  
  92  5:23  Spore Crawler  
  92  5:24  Drone x5  
  92  5:25  Spore Crawler  
  92  5:26  Drone  
  92  5:31  Drone x2  
  92  5:33  Drone  
  92  5:34  Drone  
  94  5:36  Drone  
  94  5:37  Drone  
  94  5:41  Drone  
  96  5:43  Drone x2  
  98  5:50  Zergling x2  
  98  5:51  Zergling x4, Evolution Chamber x2  
  99  5:57  Drone  
  99  5:58  Overlord  
  99  5:59  Drone  
  99  6:01  Zergling x2  
  99  6:02  Zergling x8  
  99  6:03  Zergling x6  
  109  6:05  Overseer  
  109  6:07  Centrifugal Hooks  
  109  6:12  Queen  
  109  6:15  Zergling x2  
  109  6:16  Zergling x4  
  100  6:19  Queen  
  100  6:21  Zergling x2  
  100  6:24  Baneling x7  
  102  6:26  Zerg Ground Armor Level 1  
  102  6:27  Zergling x2  
  102  6:28  Zergling x2  
  102  6:31  Zergling x6  
  106  6:36  Zergling x8  
  106  6:38  Zergling x4  
  103  6:42  Zergling x2  
  94  6:50  Zergling x8  
  98  6:56  Drone  
  98  6:57  Drone x2  
  98  6:59  Baneling x2, Zerg Melee Weapons Level 1  
  98  7:00  Drone  
  102  7:04  Queen  
  102  7:06  Baneling x2, Overseer  
  102  7:07  Drone x2  
  105  7:11  Extractor, Baneling x2  
  105  7:14  Zergling x4  
  103  7:19  Drone x3  
  103  7:20  Drone  
  103  7:22  Drone x2  
  102  7:23  Drone  
  102  7:24  Drone  
  102  7:26  Drone x2  
  102  7:29  Zergling x6  
  109  7:31  Drone x5  
  109  7:34  Baneling  
  109  7:35  Baneling x2, Zergling x4  
  115  7:41  Baneling x2  
  115  7:42  Queen  
  117  7:44  Zergling x2  
  117  7:45  Zergling x4  
  117  7:47  Overlord  
  120  7:52  Overlord  
  120  7:53  Overlord  
  120  7:56  Overlord  
  120  8:01  Baneling x4  
  114  8:06  Zergling x2  
  114  8:07  Zergling x22  
  114  8:09  Hatchery, Zergling x2  
  114  8:11  Queen  
  118  8:15  Zergling x2  
  117  8:21  Queen  
  117  8:23  Zergling x14  
  117  8:26  Baneling x5, Zerg Ground Armor Level 2  
  124  8:30  Extractor, Baneling x3, Hydralisk Den  
  124  8:33  Drone  
  119  8:39  Zergling x10  
  117  8:43  Drone  
  117  8:46  Baneling x5  
  117  8:47  Drone  
  119  8:51  Queen  
  119  8:52  Zergling x4  
  119  8:54  Baneling x10  
  123  8:56  Zerg Melee Weapons Level 2  
  123  8:59  Queen  
  123  9:01  Hydralisk x2  
  128  9:02  Grooved Spines  
  128  9:09  Zergling x14  
  132  9:13  Hydralisk  
  132  9:14  Hydralisk  
  132  9:16  Baneling  
  132  9:17  Baneling x3  
  135  9:18  Zergling x2  
  135  9:21  Drone  
  135  9:23  Baneling x2  
  133  9:25  Zergling x16  
  133  9:26  Zergling x2  
  133  9:30  Drone x2, Infestation Pit  
  143  9:32  Drone x2  
  143  9:34  Drone x2  
  143  9:35  Drone  
  143  9:36  Drone  
  143  9:37  Overlord  
  149  9:42  Zergling x8  
  149  9:44  Zergling x4  
  153  9:47  Hydralisk  
  153  9:48  Baneling x2  
  153  9:49  Baneling  
  155  9:53  Overlord  
  155  9:54  Overlord x2  
  155  9:55  Pneumatized Carapace  
  155  9:57  Zergling x6  
  155  9:59  Baneling x2  
  158  10:01  Drone x2  
  158  10:04  Hydralisk x2  
  158  10:05  Hydralisk  
  165  10:10  Hive  
  165  10:13  Zergling x4  
  165  10:14  Zergling x4, Muscular Augments  
  169  10:16  Zergling x6  
  169  10:18  Zergling x4  
  169  10:21  Zergling x4  
  176  10:22  Drone  
  175  10:29  Zergling x4  
  175  10:30  Zergling x8  
  175  10:32  Drone, Spore Crawler, Lurker Den  
  175  10:34  Extractor, Drone  
  175  10:35  Drone x2  
  180  10:42  Zergling x16  
  175  10:46  Zergling x2  
  175  10:47  Baneling x2  
  176  10:51  Overlord  
  176  10:53  Drone  
  176  10:54  Drone x2  
  176  10:55  Spore Crawler  
  178  10:58  Hydralisk x2  
  178  10:59  Hatchery, Zergling x6  
  178  11:03  Baneling x7  
  184  11:08  Zergling x10  
  184  11:10  Overlord  
  189  11:13  Overlord  
  189  11:17  Zerg Missile Weapons Level 1  
  189  11:21  Zergling x16  
  189  11:24  Zerg Ground Armor Level 3  
  185  11:26  Viper x2  
  185  11:31  Zergling x10  
  185  11:32  Extractor  
  187  11:35  Zergling x6  
  175  11:47  Drone x4  
  175  11:50  Lurker Den  
  175  11:51  Adrenal Glands  
  175  11:52  Drone x4  
  182  11:54  Drone x2  
  182  12:01  Baneling x3  
  184  12:10  Zergling x26  
  184  12:13  Baneling x6  
  184  12:14  Drone x2  
  197  12:18  Zergling x6  
  197  12:21  Zergling x6  
  187  12:26  Zergling x12  
  187  12:27  Overseer  
  170  12:33  Baneling x12  
  170  12:34  Hydralisk  
  170  12:35  Hydralisk, Zergling x4  
  173  12:37  Zergling x2  
  173  12:38  Zergling x6  
  173  12:39  Zergling x2  
  173  12:41  Drone x2  
  173  12:42  Drone  
  181  12:45  Baneling x6  
  181  12:50  Zergling x4  
  183  12:51  Zergling x2  
  183  12:54  Zergling x6  
  183  12:55  Zergling x2  
  186  13:05  Zergling x24, Lurker Den  
  191  13:06  Hydralisk x2  
  191  13:09  Hydralisk x2  
  191  13:12  Zergling x4  
  181  13:22  Zergling x6  
  181  13:23  Zergling x14  
  184  13:30  Baneling  
  184  13:31  Baneling x4  
  184  13:33  Zergling x16  
  184  13:34  Zergling x2  
  193  13:39  Drone  
  193  13:40  Drone x2  
  196  13:43  Zergling x6  
  194  13:51  Hydralisk x5  
  188  13:58  Zergling x16  
  188  14:02  Overlord  
  188  14:06  Zergling x14  
  188  14:07  Zerg Missile Weapons Level 2, Zerg Melee Weapons Level 3  
  179  14:15  Zergling x16  
  182  14:18  Lurker x7  
  182  14:19  Overseer  
  182  14:21  Drone x2  
  182  14:24  Baneling x8  
  187  14:33  Baneling x4  
  187  14:34  Baneling x2  
  187  14:37  Seismic Spines  
  187  14:42  Hydralisk x2, Hatchery  
  187  14:43  Zergling x6  
  193  14:48  Zergling x12  
  195  14:54  Hydralisk x2  
  195  14:55  Zergling x10  
  195  14:56  Zergling x2  
  195  14:57  Zergling x2  
  195  14:59  Zergling x6  
  196  15:10  Zergling x10  
  196  15:11  Zergling x4  
  196  15:12  Hydralisk, Hatchery  
  183  15:18  Zergling x14  
  183  15:20  Baneling x5  
  175  15:22  Drone x3  
  175  15:24  Drone  
  175  15:26  Drone  
  183  15:28  Viper x2  
  183  15:31  Viper  
  183  15:34  Zergling x2, Adaptive Talons  
  183  15:35  Zergling x4  
  192  15:40  Drone x2  
  192  15:41  Zergling x12  
  198  15:52  Zergling x8  
  191  16:00  Zergling x18  
  199  16:08  Hydralisk x4  
  199  16:09  Zergling x2  
  196  16:14  Zergling x4  
  196  16:16  Zergling x2  
  196  16:17  Zergling x2  
  198  16:19  Zergling x6  
  198  16:24  Hydralisk x2  
  198  16:25  Zergling x10  
  195  16:26  Baneling  
  195  16:27  Zergling x8  
  198  16:33  Zergling x2  
  199  16:42  Spore Crawler, Zergling x2  
  199  16:45  Overseer  
  199  16:52  Zergling x6  
  197  16:54  Baneling x11  
  197  16:56  Zergling x2  
  197  16:57  Zergling x4  
  200  17:04  Zergling x2  
  196  17:10  Baneling x5  
  196  17:12  Hatchery, Overseer  
  196  17:13  Zergling x12  
  199  17:19  Zergling x4  
  199  17:22  Zergling x4  
  199  17:25  Zergling x6  
  180  17:31  Zergling x38  
  180  17:32  Zergling x8  
  180  17:35  Hydralisk  
  199  17:39  Hydralisk x2  
  199  17:40  Zergling x4  
  199  17:41  Zergling x6  
  194  17:45  Zergling x14  
  194  17:48  Overseer x2  
  194  17:49  Overseer  
  194  17:50  Zergling x4  
  194  17:51  Zergling x4  
  199  17:53  Baneling x4  
  199  17:54  Baneling x7  
  199  17:56  Baneling x6  
  199  17:58  Zergling x8  
  200  18:15  Zergling x4  
  197  18:20  Baneling x2  
  197  18:21  Lurker  
  197  18:23  Lurker  
  198  18:27  Zergling x4  
  199  18:38  Baneling x2  
  199  18:39  Baneling x13  
  199  18:44  Burrow  
  199  18:46  Drone  
  199  18:52  Zergling x22  
  198  19:01  Zergling x40  
  196  19:05  Hydralisk x2  
  196  19:06  Zergling x2  
  196  19:07  Zergling x10  
  195  19:10  Zergling x10  
  198  19:17  Zergling x6  
  198  19:21  Zergling x4  
  200  19:31  Spore Crawler  
  199  19:37  Baneling x10  
  193  19:59  Zergling x26  
  199  20:00  Zergling x2  
  199  20:01  Zergling x2  
  199  20:04  Hatchery, Zergling x8  
  199  20:06  Zergling x6  
Tags
 
Add a new tag
Caveats
  • Supply blocks, unpowered buildings, or Contaminate may cause inaccurate times.
  • Supply counts are checked every 10 seconds.